 Dungeon Crawl Stone Soup version 0.20.1-1-g8b1a95d (webtiles) character file.

67 Lanoc the Sneak (level 4, -1/54 HPs)
             Began as a Naga Wanderer on Dec 14, 2017.
             Slain by Sigmund
             ... wielding a +5 scythe of protection
              (2 damage)
             ... on level 2 of the Dungeon.
             The game lasted 00:09:33 (1961 turns).

Lanoc the Sneak (Naga Wanderer)                     Turns: 1961, Time: 00:09:34

Health: -1/54      AC: 10    Str: 18    XL:     4   Next: 18%
Magic:  5/8        EV:  7    Int: 14    God:
Gold:   79         SH:  0    Dex: 11    Spells: 5/9 levels left

rFire    . . .     SeeInvis +   e - +0 club
rCold    . . .     Gourm    .   (no shield)
rNeg     . . .     Faith    .   i - +0 robe {MR+}
rPois    +         Spirit   .   (no helmet)
rElec    .         Reflect  .   (no cloak)
rCorr    .         Harm     .   (no gloves)
MR       ++...                  j - +0 naga barding
Stlth    ..........             (no amulet)
Regen    0.2/turn               n - ring of protection from magic
MPRegen  0.2/turn               q - +4 ring of protection

@: berserking, very slightly contaminated, quick
A: see invisible, deformed body, poison resistance, slowness 2, slow metabolism
1, spit poison 1, AC +1
a: Spit Poison


You were on level 2 of the Dungeon.
You were not hungry.

You visited 1 branch of the dungeon, and saw 2 of its levels.

You collected 79 gold pieces.

Inventory:

Hand Weapons
 e - a +0 club (weapon)
 f - a +0 dagger
Armour
 i - a +0 robe of magic resistance (worn)
 j - a +0 naga barding (worn)
Jewellery
 n - a ring of protection from magic (left hand)
 q - a +4 ring of protection (right hand)
Scrolls
 c - a scroll of immolation {unknown}
 k - a scroll of magic mapping {unknown}
 o - a scroll of remove curse {unknown}
Potions
 h - a potion of lignification
 p - a potion of agility {unknown}
 r - a potion of berserk rage
 s - a potion of heal wounds {unknown}
Books
 a - a book of Minor Magic

   Spells                             Type                      Level
   a - Magic Dart                     Conjuration                  1
   b - Blink                          Translocation                2
   c - Call Imp                       Summoning                    2
   d - Slow                           Hexes                        2
   e - Conjure Flame                  Conjuration/Fire             3
   f - Mephitic Cloud                 Conjuration/Poison/Air       3
 b - Fizo's Catalogue of Dark Magic

   Spells                             Type                      Level
   a - Corpse Rot                     Necromancy                   2
   b - Sublimation of Blood           Necromancy                   2
Comestibles
 g - 4 bread rations
 l - a meat ration
 m - a royal jelly


   Skills:
 + Level 4.2 Stealth
 + Level 3.1 Spellcasting
 + Level 2.4 Conjurations
   Level 1.0 Ice Magic
 + Level 0.2 Air Magic
   Level 3.0 Earth Magic
 + Level 1.1 Poison Magic


You had 5 spell levels left.
You knew the following spells:

 Your Spells              Type           Power        Failure   Level  Hunger
a - Magic Dart            Conj           #...         8%          1    #......
b - Mephitic Cloud        Conj/Pois/Air  #.......     36%         3    ###....


Dungeon Overview and Level Annotations

Branches:
Dungeon (2/15)

Altars:

Annotations:
D:2 Sigmund


Innate Abilities, Weirdness & Mutations

You cannot wear boots.
Your serpentine skin is tough. (AC +1)
You have supernaturally acute eyesight. (SInv)
Armour fits poorly on your strangely shaped body.
Your system is resistant to poisons. (rPois)
You cover ground very slowly.
You have a slow metabolism.
You can spit poison.


Message History

Press: ? - help, Shift-Dir - straight line, f - Sigmund
Aim: Sigmund, wielding a scythe of protection and wearing a robe The splash of poison hits Sigmund.
Sigmund appears unharmed.
You feel slightly more hungry.
Casting: Magic Dart
Confirm with . or Enter, or press ? or * to list all spells.
Aiming: Mephitic Cloud
Press: ? - help, Shift-Dir - straight line, f/p - Sigmund
Aim: Sigmund, wielding a scythe of protection and wearing a robe You miscast Mephitic Cloud.
You are very lightly contaminated with residual magic.
Your hair stands on end.
Sigmund hits you from afar with a scythe of protection!
* * * LOW HITPOINT WARNING * * *
It was a potion of berserk rage.
A red film seems to cover your vision as you go berserk!
You feel yourself moving faster!
You feel mighty!
You have got your breath back.
Sigmund hits you from afar with a scythe of protection.
You die...

... ###
### ..
... ##
#.# #.#
#.###.#.#
#.@.....#
#.# ##
#@##.#
#....#
###..#
#####..#
#....[.#
#.###.##
#.# #.#
#.#
##.###.#
#.#
#...##.#
#.#


You could see Sigmund.

Vanquished Creatures
  An adder (D:2)
  An ooze (D:1)
  A leopard gecko (D:1)
  5 bats
  2 giant cockroaches
  6 goblins
  7 hobgoblins
  11 jackals
  3 kobolds (D:1)
  A ball python (D:1)
  2 frilled lizards
  6 rats (D:1)
46 creatures vanquished.

Notes
Turn   | Place    | Note
-------+----------+-------------------------------------------
     0 | D:1      | Lanoc the Naga Wanderer began the quest for the Orb.
     0 | D:1      | Lanoc set off with: a book of Minor Magic, Fizo's Catalogue of Dark Magic, a potion of lignification, a +0 robe, a +0 club, a +0 dagger, a bread ration
     0 | D:1      | Reached XP level 1. HP: 15/15 MP: 3/3
     0 | D:1      | Identified Fizo's Catalogue of Dark Magic
   157 | D:1      | Learned a level 1 spell: Magic Dart
   201 | D:1      | Reached XP level 2. HP: 4/22 MP: 1/5
   896 | D:1      | Reached XP level 3. HP: 28/28 MP: 2/7
  1491 | D:1      | Reached skill level 4 in Stealth
  1726 | D:1      | Learned a level 3 spell: Mephitic Cloud
  1737 | D:2      | Reached XP level 4. HP: 36/36 MP: 8/8
  1755 | D:2      | Reached skill level 1 in Poison Magic
  1957 | D:2      | Noticed Sigmund
  1960 | D:2      | HP: 1/36 [Sigmund/scythe of protection (10)]
  1961 | D:2      | Slain by Sigmund

Skill      XL: |  1  2  3  4 |
---------------+-------------+-----
Stealth        | 4 |  4.2
Spellcasting   | 3 |  3.1
Poison Magic   | 1 |  1.1
Conjurations   | |  2.4
Ice Magic      | |  1.0
Air Magic      | |  0.2
Earth Magic    | |  3.0

Action                   |  1- 3 |  4- 6 || total
-------------------------+-------+-------++-------
Melee: Club              |   117 |    13 ||   130
 Cast: Magic Dart        |    33 |    10 ||    43
 Abil: Spit Poison       |    17 |     9 ||    26
  Use: Potion            |     3 |     1 ||     4
  Eat: Chunk             |     3 |     1 ||     4
Armor: Skin              |    22 |       ||    22
       Robe              |    83 |    18 ||   101
Dodge: Dodged            |    63 |    13 ||    76
